PAAA
SALT LAKE CITY BUZZ @ BANGOR TRIDENT BASE OGRES
08/02/2022
 
TOP OF THE 1ST
Salt Lake City Buzz batting - Pitching for Bangor Trident Base Ogres : LHP Orlando Martínez
Pitching: LHP Orlando Martínez
Batting: RHB Roberto Ríos 0-0: Ball
1-0: SINGLE (Line Drive, 56D)
Batting: SHB Carlton Reed 0-0: Ball
1-0: Fly out, F3 (Popup, 3S)
Batting: RHB Oliver Aranda 0-0: Ball
1-0: Called Strike
1-1: Ball
2-1: Ball
3-1: Fly out, F9 (Flyball, 9S)
Batting: SHB Wayne Saunders 0-0: Ball
1-0: Ground out 1-3 (Groundball, 15S)
Top of the 1st over - 0 run(s), 1 hit(s), 0 error(s), 1 left on base; Salt Lake City 0 - Bangor Trident Base 0
BOTTOM OF THE 1ST
Bangor Trident Base Ogres batting - Pitching for Salt Lake City Buzz : LHP Gerardo Carlos
Pitching: LHP Gerardo Carlos
Batting: RHB Elvis Larson 0-0: Ball
1-0: Ground out 4-3 (Groundball, 4M)
Batting: RHB Jeremy Christensen 0-0: Ground out 4-3 (Groundball, 4)
Batting: LHB Bernardo Elías 0-0: Ball
1-0: Ball
2-0: Ground out 4-3 (Groundball, 34)
Bottom of the 1st over - 0 run(s), 0 hit(s), 0 error(s), 0 left on base; Salt Lake City 0 - Bangor Trident Base 0
TOP OF THE 2ND
Salt Lake City Buzz batting - Pitching for Bangor Trident Base Ogres : LHP Orlando Martínez
Batting: RHB Ichiyo Fujii 0-0: Ball
1-0: Ball
2-0: Ball
3-0: Base on Balls
Batting: RHB José Guerra 0-0: Ball
1-0: Ball
2-0: Called Strike
2-1: Ball
3-1: Foul Ball, location: 2F
3-2: SINGLE (Groundball, 4MD)
Ichiyo Fujii to second
Throwing error, E8
Ichiyo Fujii scores
José Guerra to second
Batting: LHB George Huffman 0-0: Called Strike
0-1: Ball
1-1: Called Strike
1-2: Ball
2-2: Ball
3-2: DOUBLE (Flyball, 8LD)
José Guerra scores
Batting: RHB Gustavo Mateo 0-0: Foul Ball, location: 2F
0-1: Swinging Strike
0-2: Foul Ball, location: 2F
0-2: SINGLE (Line Drive, 89S)
George Huffman to third
Runner from 3rd tries for Home, SAFE, no throw or cutoff
Batting: RHB Jorge Torrez 0-0: Ball
1-0: SINGLE (Line Drive, 5D)
Gustavo Mateo to second
Batting: RHB Roberto Ríos 0-0: Ball
1-0: Ball
2-0: Called Strike
2-1: Ball
3-1: Swinging Strike
3-2: Base on Balls
Gustavo Mateo to third
Jorge Torrez to second
Batting: SHB Carlton Reed 0-0: Fly out, F4 (Popup, 3F)
Batting: RHB Oliver Aranda 0-0: Ball
1-0: Called Strike
1-1: Swinging Strike
1-2: Fly out, F4 (Popup, 34)
Batting: SHB Wayne Saunders 0-0: Ball
1-0: Ground out 5-3 (Groundball, 5L)
Top of the 2nd over - 3 run(s), 4 hit(s), 1 error(s), 3 left on base; Salt Lake City 3 - Bangor Trident Base 0
BOTTOM OF THE 2ND
Bangor Trident Base Ogres batting - Pitching for Salt Lake City Buzz : LHP Gerardo Carlos
Batting: RHB Bertrand Sunter 0-0: Called Strike
0-1: Foul Ball, location: 2F
0-2: Ground out 6-3 (Groundball, 6M)
Batting: RHB Chae-hyeong Kim 0-0: Ball
1-0: Ball
2-0: Swinging Strike
2-1: Ground out 5-3 (Groundball, 56)
Batting: RHB Augusto Rocha 0-0: DOUBLE (Flyball, 89D)
Batting: RHB Hubert Dodson 0-0: Foul Ball, location: 2F
0-1: Ball
1-1: Ball
Wild Pitch!
Augusto Rocha to third
2-1: Swinging Strike
2-2: Ball
3-2: Base on Balls
Batting: RHB Takaaki Kobayashi 0-0: Ball
1-0: Foul Ball, location: 2F
1-1: Ball
2-1: Foul Ball, location: 2F
2-2: Ball
3-2: Foul Ball, location: 2F
3-2: Fly out, F4 (Line Drive, 4M)
Bottom of the 2nd over - 0 run(s), 1 hit(s), 0 error(s), 2 left on base; Salt Lake City 3 - Bangor Trident Base 0
TOP OF THE 3RD
Salt Lake City Buzz batting - Pitching for Bangor Trident Base Ogres : LHP Orlando Martínez
Batting: RHB Ichiyo Fujii 0-0: Ball
1-0: Ball
2-0: Ball
3-0: Called Strike
3-1: Called Strike
3-2: Strikes out swinging
Batting: RHB José Guerra 0-0: Ball
1-0: Ground out 6-3 (Groundball, 56)
Batting: LHB George Huffman 0-0: Called Strike
0-1: Ball
1-1: Foul Ball, location: 2F
1-2: Fly out, F8 (Flyball, 8LM)
Top of the 3rd over - 0 run(s), 0 hit(s), 0 error(s), 0 left on base; Salt Lake City 3 - Bangor Trident Base 0
BOTTOM OF THE 3RD
Bangor Trident Base Ogres batting - Pitching for Salt Lake City Buzz : LHP Gerardo Carlos
Batting: SHB Bill Becker 0-0: Ball
1-0: Called Strike
1-1: Fly out, F8 (Flyball, 8LM)
Batting: RHB Elvis Larson 0-0: Ball
1-0: Foul Ball, location: 2F
1-1: Foul Ball, location: 2F
1-2: Ground out 4-3 (Groundball, 4)
Batting: RHB Jeremy Christensen 0-0: Ground out 4-3 (Groundball, 4M)
Bottom of the 3rd over - 0 run(s), 0 hit(s), 0 error(s), 0 left on base; Salt Lake City 3 - Bangor Trident Base 0
TOP OF THE 4TH
Salt Lake City Buzz batting - Pitching for Bangor Trident Base Ogres : LHP Orlando Martínez
Batting: RHB Gustavo Mateo 0-0: SINGLE (Groundball, 34D)
Batting: RHB Jorge Torrez 0-0: Ball
1-0: Foul Ball, location: 2F
1-1: Ball
2-1: Foul Ball, location: 2F
2-2: SINGLE (Groundball, 56D)
Gustavo Mateo to second
Batting: RHB Roberto Ríos 0-0: Ball
1-0: Fly out, F9 (Flyball, 89XD)
Runner from 2nd tags up, SAFE at 3rd, no throw
Batting: SHB Carlton Reed 0-0: Called Strike
0-1: Ball
1-1: Called Strike
1-2: Foul Ball, location: 2F
1-2: Foul Ball, location: 2F
1-2: Ball
2-2: Strikes out swinging
Batting: RHB Oliver Aranda 0-0: Called Strike
0-1: Ball
1-1: Ball
2-1: Ball
3-1: Base on Balls
Jorge Torrez to second
Batting: SHB Wayne Saunders 0-0: Ball
1-0: Foul Ball, location: 2F
1-1: Foul Ball, location: 2F
1-2: Ball
2-2: Ground out U3 (Groundball, 3S)
Top of the 4th over - 0 run(s), 2 hit(s), 0 error(s), 3 left on base; Salt Lake City 3 - Bangor Trident Base 0
BOTTOM OF THE 4TH
Bangor Trident Base Ogres batting - Pitching for Salt Lake City Buzz : LHP Gerardo Carlos
Batting: LHB Bernardo Elías 0-0: Ball
1-0: Foul Ball, location: 2F
1-1: Ball
2-1: Ground out U3 (Groundball, 3L)
Batting: RHB Bertrand Sunter 0-0: Foul Ball, location: 2F
0-1: Ball
1-1: Swinging Strike
1-2: Foul Ball, location: 2F
1-2: Foul Ball, location: 2F
1-2: Ball
2-2: Ground out 5-3 (Groundball, 5L)
Batting: RHB Chae-hyeong Kim 0-0: Called Strike
0-1: Called Strike
0-2: Foul Ball, location: 2F
0-2: Ball
1-2: Ball
2-2: Ball
3-2: Foul Ball, location: 2F
3-2: Fly out, F9 (Flyball, 89M)
Bottom of the 4th over - 0 run(s), 0 hit(s), 0 error(s), 0 left on base; Salt Lake City 3 - Bangor Trident Base 0
TOP OF THE 5TH
Salt Lake City Buzz batting - Pitching for Bangor Trident Base Ogres : LHP Orlando Martínez
Batting: RHB Ichiyo Fujii 0-0: Ball
1-0: Foul Ball, location: 2F
1-1: Foul Ball, location: 2F
1-2: Foul Ball, location: 2F
1-2: Ball
2-2: Ball
3-2: Base on Balls
Batting: RHB José Guerra 0-0: Bunted foul
0-1: Bunted foul
0-2: Grounds into double play, 6-4-3 (Groundball, 6)
Batting: LHB George Huffman 0-0: Called Strike
0-1: Foul Ball, location: 2F
0-2: Strikes out swinging
Top of the 5th over - 0 run(s), 0 hit(s), 0 error(s), 0 left on base; Salt Lake City 3 - Bangor Trident Base 0
BOTTOM OF THE 5TH
Bangor Trident Base Ogres batting - Pitching for Salt Lake City Buzz : LHP Gerardo Carlos
Batting: RHB Augusto Rocha 0-0: Called Strike
0-1: Foul Ball, location: 2F
0-2: Strikes out swinging
Batting: RHB Hubert Dodson 0-0: Ball
1-0: Ball
2-0: Ball
3-0: Base on Balls
Batting: RHB Takaaki Kobayashi 0-0: Ground out 6-3 (Groundball, 6S)
Hubert Dodson to second
Batting: SHB Bill Becker 0-0: Ball
1-0: Foul Ball, location: 2F
1-1: Ball
2-1: Swinging Strike
2-2: Foul Ball, location: 2F
2-2: SINGLE (Groundball, 6D)
Hubert Dodson to third
Runner from 3rd tries for Home, SAFE, no throw or cutoff
Batting: RHB Elvis Larson 0-0: Fly out, F8 (Flyball, 8LM)
Bottom of the 5th over - 1 run(s), 1 hit(s), 0 error(s), 1 left on base; Salt Lake City 3 - Bangor Trident Base 1
TOP OF THE 6TH
Salt Lake City Buzz batting - Pitching for Bangor Trident Base Ogres : LHP Orlando Martínez
Batting: RHB Gustavo Mateo 0-0: SINGLE (Line Drive, 78S)
Pitching: RHP Rubén Sánchez
Batting: RHB Jorge Torrez 0-0: Bunted foul
0-1: Ball
1-1: Sac Bunt - play at first, batter OUT! 1-4
Gustavo Mateo to second
Batting: RHB Roberto Ríos 0-0: Foul Ball, location: 2F
0-1: Ball
1-1: Ball
2-1: Foul Ball, location: 2F
2-2: SINGLE (Groundball, 56D)
Gustavo Mateo to third
Runner from 3rd tries for Home, SAFE, no throw or cutoff
Batting: SHB Carlton Reed 0-0: Ball
1-0: Called Strike
1-1: Ball
2-1: Foul Ball, location: 2F
2-2: Ball
3-2: Foul Ball, location: 2F
3-2: Foul Ball, location: 2F
3-2: Foul Ball, location: 2F
3-2: SINGLE (Line Drive, 3L)
Roberto Ríos to second
Roberto Ríos to third
Batting: RHB Oliver Aranda 0-0: Ball
1-0: Called Strike
1-1: Ball
2-1: Called Strike
2-2: Ball
3-2: Base on Balls
Carlton Reed to second
Batting: SHB Wayne Saunders 0-0: Called Strike
0-1: Foul Ball, location: 2F
0-2: SINGLE (Groundball, 34D)
Roberto Ríos scores
Carlton Reed to third
Oliver Aranda to second
Batting: RHB Ichiyo Fujii 0-0: Called Strike
0-1: Ball
1-1: Ball
2-1: Fly out, F8 (Flyball, 8RM)
Batting: RHB José Guerra 0-0: Ball
1-0: Swinging Strike
1-1: Swinging Strike
1-2: Ball
2-2: Ball
3-2: Base on Balls
Carlton Reed scores
Oliver Aranda to third
Wayne Saunders to second
Pitching: RHP Ron Kennedy
Batting: LHB George Huffman 0-0: Swinging Strike
0-1: Ball
1-1: Foul Ball, location: 2F
1-2: Ball
2-2: Strikes out looking
Top of the 6th over - 3 run(s), 4 hit(s), 0 error(s), 3 left on base; Salt Lake City 6 - Bangor Trident Base 1
BOTTOM OF THE 6TH
Bangor Trident Base Ogres batting - Pitching for Salt Lake City Buzz : LHP Gerardo Carlos
Batting: RHB Jeremy Christensen 0-0: Called Strike
0-1: Ball
1-1: Called Strike
1-2: Foul Ball, location: 2F
1-2: Fly out, F2 (Popup, 2RF)
Batting: LHB Bernardo Elías 0-0: Ball
1-0: Called Strike
1-1: Foul Ball, location: 2F
1-2: Ball
2-2: Ball
3-2: Strikes out swinging
Batting: RHB Bertrand Sunter 0-0: Ball
1-0: SOLO HOME RUN (Flyball, 78XD), Distance : 446 ft
Batting: RHB Chae-hyeong Kim 0-0: Ball
1-0: Ball
2-0: Ground out 1-3 (Groundball, 15)
Bottom of the 6th over - 1 run(s), 1 hit(s), 0 error(s), 0 left on base; Salt Lake City 6 - Bangor Trident Base 2
TOP OF THE 7TH
Salt Lake City Buzz batting - Pitching for Bangor Trident Base Ogres : RHP Ron Kennedy
Batting: RHB Gustavo Mateo 0-0: Ball
1-0: DOUBLE (Line Drive, 78D)
Batting: RHB Jorge Torrez 0-0: Ball
1-0: Ball
2-0: SINGLE (Groundball, 4)
Gustavo Mateo to third
Batting: RHB Roberto Ríos 0-0: Foul Ball, location: 2F
0-1: Ball
1-1: Foul Ball, location: 2F
1-2: Foul Ball, location: 2F
1-2: Fly out, F6 (Popup, 6D)
Batting: SHB Carlton Reed 0-0: Fielders Choice at 2nd, 1-6 (Groundball, 23)
Batting: RHB Oliver Aranda 0-0: Called Strike
0-1: Foul Ball, location: 2F
0-2: Fly out, F9 (Flyball, 9S)
Top of the 7th over - 0 run(s), 2 hit(s), 0 error(s), 2 left on base; Salt Lake City 6 - Bangor Trident Base 2
BOTTOM OF THE 7TH
Bangor Trident Base Ogres batting - Pitching for Salt Lake City Buzz : LHP Gerardo Carlos
Pitching: RHP John Weber
Batting: RHB Augusto Rocha 0-0: Called Strike
0-1: Ball
1-1: Ball
2-1: Ball
3-1: Base on Balls
Batting: RHB Hubert Dodson 0-0: Ball
1-0: Foul Ball, location: 2F
1-1: Ball
2-1: Grounds into double play, 6-4-3 (Groundball, 6)
Batting: RHB Takaaki Kobayashi 0-0: Called Strike
0-1: Called Strike
0-2: Ball
1-2: Ball
2-2: SINGLE (Line Drive, 7LS)
Batting: SHB Bill Becker 0-0: Ball
Wild Pitch!
Takaaki Kobayashi to second
1-0: Foul Ball, location: 2F
1-1: Ball
2-1: Fly out, F8 (Flyball, 8RM)
Bottom of the 7th over - 0 run(s), 1 hit(s), 0 error(s), 1 left on base; Salt Lake City 6 - Bangor Trident Base 2
TOP OF THE 8TH
Salt Lake City Buzz batting - Pitching for Bangor Trident Base Ogres : RHP Ron Kennedy
Batting: SHB Wayne Saunders 0-0: Called Strike
0-1: Ball
1-1: Ball
2-1: Fly out, F4 (Line Drive, 4)
Batting: RHB Ichiyo Fujii 0-0: Foul Ball, location: 2F
0-1: Ball
1-1: Ground out 6-3 (Groundball, 6M)
Batting: RHB José Guerra 0-0: Ball
1-0: Called Strike
1-1: Ball
2-1: Ball
3-1: SINGLE (Popup, 78S)
Batting: LHB George Huffman 0-0: Ball
1-0: Ball
2-0: Ball
3-0: Called Strike
3-1: Called Strike
3-2: Fly out, F7 (Flyball, 7S)
Top of the 8th over - 0 run(s), 1 hit(s), 0 error(s), 1 left on base; Salt Lake City 6 - Bangor Trident Base 2
BOTTOM OF THE 8TH
Bangor Trident Base Ogres batting - Pitching for Salt Lake City Buzz : RHP John Weber
Batting: RHB Elvis Larson 0-0: Called Strike
0-1: Ground out U3 (Groundball, 3)
Batting: RHB Jeremy Christensen 0-0: Ball
1-0: Ground out 5-3 (Groundball, 56)
Batting: LHB Bernardo Elías 0-0: Ball
1-0: Ball
2-0: Ball
3-0: Foul Ball, location: 2F
3-1: Swinging Strike
3-2: Base on Balls
Batting: RHB Bertrand Sunter 0-0: Ball
1-0: Ball
2-0: Ball
3-0: Base on Balls
Bernardo Elías to second
Pitching: RHP Javier Díaz
Batting: RHB Chae-hyeong Kim 0-0: Ball
1-0: Fly out, F7 (Flyball, 7M)
Bottom of the 8th over - 0 run(s), 0 hit(s), 0 error(s), 2 left on base; Salt Lake City 6 - Bangor Trident Base 2
TOP OF THE 9TH
Salt Lake City Buzz batting - Pitching for Bangor Trident Base Ogres : RHP Ron Kennedy
Batting: RHB Gustavo Mateo 0-0: Called Strike
0-1: Called Strike
0-2: Ball
1-2: Foul Ball, location: 2F
1-2: Strikes out swinging
Batting: RHB Jorge Torrez 0-0: Foul Ball, location: 2F
0-1: Ball
1-1: Ball
2-1: Ball
3-1: Base on Balls
Batting: RHB Roberto Ríos 0-0: Called Strike
0-1: Ball
1-1: Grounds into double play, 5-4-3 (Groundball, 56)
Top of the 9th over - 0 run(s), 0 hit(s), 0 error(s), 0 left on base; Salt Lake City 6 - Bangor Trident Base 2
BOTTOM OF THE 9TH
Bangor Trident Base Ogres batting - Pitching for Salt Lake City Buzz : RHP Javier Díaz
Batting: RHB Augusto Rocha 0-0: Called Strike
0-1: Ball
1-1: Swinging Strike
1-2: Hit by Pitch
Batting: RHB Hubert Dodson 0-0: Ball
1-0: Ground out 6-3 (Groundball, 6MS)
Augusto Rocha to second
Batting: RHB Takaaki Kobayashi 0-0: Ball
1-0: Ball
2-0: Fly out, F7 (Line Drive, 7M)
Batting: SHB Bill Becker 0-0: Foul Ball, location: 2F
0-1: Called Strike
0-2: Ball
1-2: Ball
2-2: Fly out, F8 (Flyball, 8RD)
Bottom of the 9th over - 0 run(s), 0 hit(s), 0 error(s), 1 left on base; Salt Lake City 6 - Bangor Trident Base 2
This league is powered by Out of the Park Baseball, the baseball management simulation game for PC, Mac and Linux
Friday, April 15th, 2016 - OOTP Baseball 16.9 Build 39